Workbook

Sheet CAPA
A1: INFORMAÇÕES PRELIMINARES
A7: PROCESSO LICITATÓRIO:
A10: CONTRATAÇÃO DE EQUIPAMENTOS PARA REALIZAÇÃO DE SERVIÇOS URBANOS E INFRAESTRUTURA
A15: LOCAL: | G15: CIDADE: | L15: DATA REFERÊNCIA: | P15: BDI (CONF. LICITAÇÃO) - %:
A18: DIVERSAS RUAS DO MUNICÍPIO E DISTRITOS | G18: PATOS DE MINAS/MG | L18: 45714 | P18: 26.7
A23: TABELA DE REFERÊNCIA DE PREÇOS: | H23: PRAZO: | N23: VALOR TOTAL COM BDI:
A26: TABELA SINAPI MARÇO/2026 | H26: 24 MESES | N26: =DADOS!O42 -> 1992503
A31: ELABORAÇÃO: | K31: MATRÍCULA | O31: REGISTRO
A34: José Guilherme Rocha Cunha | K34: 37234 | O34: CAU - A182889-4

Sheet DADOS
A9: PLANILHA ORÇAMENTÁRIA
A12: OBRA: CONTRATAÇÃO DE EQUIPAMENTOS PARA REALIZAÇÃO DE SERVIÇOS URBANOS E INFRAESTRUTURA
A14: LOCAL: PATOS DE MINAS E SEUS DISTRITOS
A16: PROFISSIONAL RESPONSÁVEL: JOSE GUILHERME ROCHA CUNHA | I16: MAT.: | J16: 37234 | L16: DATA: | M16: 46169
A18: REFERENCIA DE PREÇOS: TABELA SINAPI ABRIL/2026 | I18: BDI: | L18: 0.267
A21: REFERÊNCIA | B21: CÓDIGO | C21: ITEM | D21: DESCRIÇÃO | I21: UNID. | J21: QUANT. | K21: PREÇO SEM BDI | N21: PREÇO COM BDI
K22: UNITÁRIO | L22: TOTAL | N22: UNITÁRIO | O22: TOTAL
C24: 1 | D24: EQUIPAMENTOS
A26: CCU | B26: 1 | C26: 1.1 | D26: PÁ CARREGADEIRA SOBRE RODAS, POTÊNCIA 197 HP, CAPACIDADE DA CAÇAMBA 2,5 A 3,5 M3, PESO OPERACIONAL 18338 KG | I26: H | J26: 4224 | K26: =PÁ_CARREGADEIRA!P29 -> 165.42 | L26: =J26*K26 -> 698734.08 | N26: =SUM(K26*1.267) -> 209.58714 | O26: =J26*ROUND(K26*1.267,2) -> 885308.16
A30: CCU | B30: 2 | C30: 1.2 | D30: RETROESCAVADEIRA SOBRE RODAS COM CARREGADEIRA, TRAÇÃO 4X4, POTÊNCIA LÍQ. 88 HP, CAÇAMBA CARREG. CAP. MÍN. 1 M3, CAÇAMBA RETRO CAP. 0,26 M3, PESO OPERACIONAL MÍN. 6.674 KG, PROFUNDIDADE ESCAVAÇÃO MÁX. 4,37 M | I30: H | J30: 4224 | K30: =RETROESCAVADEIRA!P28 -> 112.38 | L30: =J30*K30 -> 474693.12 | N30: =SUM(K30*1.267) -> 142.38546 | O30: =J30*ROUND(K30*1.267,2) -> 601455.36
A35: CCU | B35: 3 | C35: 1.3 | D35: MINICARREGADEIRA SOBRE RODAS, POTÊNCIA LÍQUIDA DE 47 HP, CAPACIDADE NOMINAL DE OPERAÇÃO DE 646 KG | I35: H | J35: 4224 | K35: =MINICARREGADEIRA!P28 -> 94.5 | L35: =J35*K35 -> 399168 | N35: =SUM(K35*1.267) -> 119.7315 | O35: =J35*ROUND(K35*1.267,2) -> 505739.52
J39: SUBTOTAL: | L39: =SUM(L26+L30+L35) -> 1572595.2 | O39: =SUM(O26:P37) -> 1992503
J42: TOTAL GERAL: | L42: =ROUND(L39,2) -> 1572595.2 | O42: =O39 -> 1992503

Sheet BDI
A10: CÁLCULO DE BDI
A13: OBRA: CONTRATAÇÃO DE EQUIPAMENTOS PARA REALIZAÇÃO DE SERVIÇOS URBANOS
A15: LOCAL: PATOS DE MINAS E SEUS DISTRITOS
A17: PROFISSIONAL RESPONSÁVEL: JOSE GUILHERME ROCHA CUNHA | I17: MAT.: | J17: 37234 | L17: DATA: | M17: =DADOS!M16 -> 46169
A19: REFERENCIA DE PREÇOS: TABELA SINAPI ABRIL/2026 | I19: BDI: | L19: =D60 -> 0.267
A22: 1) ADMINISTRAÇÃO CENTRAL - ( 3,00% a 5,50%)
B24: 0.04
L25: Adm. Central, Seguros e Garantias, Riscos | P25: =1+B24+B28+B33 -> 1.0577
A26: 2) SEGUROS E GARANTIAS - (0,80% a 1,00%) | L26: Despesas Financeiras | P26: =1+B37 -> 1.0059
L27: Lucro/Remuneração | P27: =1+B41 -> 1.07
B28: 0.008 | L28: Impostos (com desoneração) | P28: =1-C47-E47-G47-C49 -> 0.8985
L29: Impostos (sem desoneração) | P29: =1-C47-E47-G47 -> 0.9435
A31: 3) RISCOS - (0,97% a 1,27%)
B33: 0.0097
A35: 4) DESPESAS FINANCEIRAS - (0,59% a 1,39%)
B37: 0.0059
A39: 5) LUCRO/REMUNERAÇÃO - (6,16% a 8,96%)
B41: 0.07
A43: 6) IMPOSTOS
A44: - ISS - Variação de 2% a 5% - Justificado pela Legislação Tributária Municipal com apresentação da base de cálculo da alíquota.
B47: COFINS= | C47: 0.03 | D47: PIS= | E47: 0.0065 | F47: ISS= | G47: =J51 -> 0.02
A49: CPRB= | C49: 0.045
A51: Sobre a base de cálculo, definir a respectiva alíquota do ISS (entre 2% e 5%): | J51: 0.02
A53: A) Sem desoneração:
B55: BDI= | D55: =TRUNC((P25*P26*P27/P29)-1,4) -> 0.2065 | F55: Faixa referencial | H55: 1º Quartil | I55: Médio | J55: 3º Quartil
H56: 0.2034 | I56: 0.2212 | J56: 0.25
A58: B) Com desoneração:
B60: BDI= | D60: =TRUNC((P25*P26*P27/P28)-1,4) -> 0.267

Sheet PÁ_CARREGADEIRA
A10: COMPOSIÇÃO DE CUSTOS
A13: OBRA: CONTRATAÇÃO DE EQUIPAMENTOS PARA REALIZAÇÃO DE SERVIÇOS URBANOS
A15: LOCAL: PATOS DE MINAS E SEUS DISTRITOS
A17: PROFISSIONAL RESPONSÁVEL: JOSE GUILHERME ROCHA CUNHA | I17: MAT.: | J17: 37234 | L17: DATA: | M17: =BDI!M17 -> 46169 | O17: CCU 1 - REF. SINAPI ABR/26
A20: CALCULO PA CARREGADEIRA
B22: CÓDIGO | C22: DESCRIÇÃO | I22: TIPO | K22: UNIDADE | L22: VALOR UNITÁRIO NÃO DESONERADO | M22: VALOR UNITÁRIO DESONERADO | N22: COEFICIENTE | O22: VALOR NÃO DESONERADO | P22: VALOR DESONERADO
A23: C | B23: 88301 | C23: OPERADOR DE PÁ CARREGADEIRA COM ENCARGOS COMPLEMENTARES | I23: SEDI - SERVIÇOS DIVERSOS | K23: H | L23: 38.13 | M23: 35.76 | N23: 1 | O23: 38.13 | P23: 35.76
A24: C | B24: 89130 | C24: PÁ CARREGADEIRA SOBRE RODAS, POTÊNCIA 197 HP, CAPACIDADE DA CAÇAMBA 2,5 A 3,5 M3, PESO OPERACIONAL 18338 KG - DEPRECIAÇÃO. AF_06/2014 | I24: CHOR - CUSTOS HORÁRIOS DE MÁQUINAS E EQUIPAMENTOS | K24: H | L24: 51.57 | M24: 51.57 | N24: 1 | O24: 51.57 | P24: 51.57
A25: C | B25: 89131 | C25: PÁ CARREGADEIRA SOBRE RODAS, POTÊNCIA 197 HP, CAPACIDADE DA CAÇAMBA 2,5 A 3,5 M3, PESO OPERACIONAL 18338 KG - JUROS. AF_06/2014 | I25: CHOR - CUSTOS HORÁRIOS DE MÁQUINAS E EQUIPAMENTOS | K25: H | L25: 13.63 | M25: 13.63 | N25: 1 | O25: 13.63 | P25: 13.63
A26: C | B26: 53861 | C26: PÁ CARREGADEIRA SOBRE RODAS, POTÊNCIA 197 HP, CAPACIDADE DA CAÇAMBA 2,5 A 3,5 M3, PESO OPERACIONAL 18338 KG - MANUTENÇÃO. AF_06/2014 | I26: CHOR - CUSTOS HORÁRIOS DE MÁQUINAS E EQUIPAMENTOS | K26: H | L26: 64.46 | M26: 64.46 | N26: 1 | O26: 64.46 | P26: 64.46
G29: PÁ CARREGADEIRA SOBRE RODAS, POTÊNCIA 197 HP, CAPACIDADE DA CAÇAMBA 2,5 A 3,5 M3, PESO OPERACIONAL 18338 KG - CHP DIURNO. AF_06/2014 | P29: =P23+P24+P25+P26 -> 165.42
A35: DIMENSIONAMENTO DE PRODUTIVIDADE
A37: DESCRIÇÃO | L37: UNIDADE | M37: QUANTIDADE | N37: OBSERVAÇÃO
A39: PÁ CARREGADEIRA SOBRE RODAS, POTÊNCIA 197 HP, CAPACIDADE DA CAÇAMBA 2,5 A 3,5 M3, PESO OPERACIONAL 18338 KG | L39: H | M39: 4224 | N39: Uso de equipamento por hora trabalhada de serviços relativos a manutenção urbana e infraestrutura.
A45: MÉDIA DE PRODUTIVIDADE P/ MANUTENÇÃO URBANA
F47: CHP (HORAS) | L47: 8 | M47: HORAS
F50: QUANTIDADE DE DIAS EFETIVOS DE TRABALHO | L50: 22 | M50: DIAS
F53: QUANTIDADE DE HORAS DE MÁQUINA MENSAL | L53: =SUM(L47*L50) -> 176 | M53: HORAS
F56: QUANTIDADE DE HORAS DE PRODUÇÃO TOTAL | L56: 4224 | M56: HORAS

Sheet RETROESCAVADEIRA
A10: COMPOSIÇÃO DE CUSTOS
A13: OBRA: CONTRATAÇÃO DE EQUIPAMENTOS PARA REALIZAÇÃO DE SERVIÇOS URBANOS E INFRAESTRUTURA
A15: LOCAL: PATOS DE MINAS E SEUS DISTRITOS
A17: PROFISSIONAL RESPONSÁVEL: JOSE GUILHERME ROCHA CUNHA | I17: MAT.: | J17: 37234 | L17: DATA: | M17: =PÁ_CARREGADEIRA!M17 -> 46169 | O17: CCU 2 - REF. SINAPI ABR/26
A20: CÁLCULO RETROESCAVADEIRA
B22: CÓDIGO | C22: DESCRIÇÃO | I22: TIPO | K22: UNIDADE | L22: VALOR UNITÁRIO NÃO DESONERADO | M22: VALOR UNITÁRIO DESONERADO | N22: COEFICIENTE | O22: VALOR NÃO DESONERADO | P22: VALOR DESONERADO
A23: C | B23: 88294 | C23: OPERADOR DE ESCAVADEIRA COM ENCARGOS COMPLEMENTARES | I23: SEDI - SERVIÇOS DIVERSOS | J23: H | K23: H | L23: 46.79 | M23: 40.74 | N23: 1 | O23: 43.5 | P23: 43.79
A24: C | B24: 88857 | C24: RETROESCAVADEIRA SOBRE RODAS COM CARREGADEIRA, TRAÇÃO 4X4, POTÊNCIA LÍQ. 88 HP, CAÇAMBA CARREG. CAP. MÍN. 1 M3, CAÇAMBA RETRO CAP. 0,26 M3, PESO OPERACIONAL MÍN. 6.674 KG, PROFUNDIDADE ESCAVAÇÃO MÁX. 4,37 M - DEPRECIAÇÃO. AF_06/2014 | D24: CHOR - CUSTOS HORÁRIOS DE MÁQUINAS E EQUIPAMENTOS | E24: H | I24: CHOR - CUSTOS HORÁRIOS DE MÁQUINAS E EQUIPAMENTOS | K24: H | L24: 27.28 | M24: 27.28 | N24: 1 | O24: 27.28 | P24: 27.28
A25: C | B25: 88858 | C25: RETROESCAVADEIRA SOBRE RODAS COM CARREGADEIRA, TRAÇÃO 4X4, POTÊNCIA LÍQ. 88 HP, CAÇAMBA CARREG. CAP. MÍN. 1 M3, CAÇAMBA RETRO CAP. 0,26 M3, PESO OPERACIONAL MÍN. 6.674 KG, PROFUNDIDADE ESCAVAÇÃO MÁX. 4,37 M - JUROS. AF_06/2014 | I25: CHOR - CUSTOS HORÁRIOS DE MÁQUINAS E EQUIPAMENTOS | K25: H | L25: 7.21 | M25: 7.21 | N25: 1 | O25: 7.21 | P25: 7.21
A26: C | B26: 5664 | C26: RETROESCAVADEIRA SOBRE RODAS COM CARREGADEIRA, TRAÇÃO 4X4, POTÊNCIA LÍQ. 88 HP, CAÇAMBA CARREG. CAP. MÍN. 1 M3, CAÇAMBA RETRO CAP. 0,26 M3, PESO OPERACIONAL MÍN. 6.674 KG, PROFUNDIDADE ESCAVAÇÃO MÁX. 4,37 M - MANUTENÇÃO. AF_06/2014 | I26: CHOR - CUSTOS HORÁRIOS DE MÁQUINAS E EQUIPAMENTOS | K26: H | L26: 34.1 | M26: 34.1 | N26: 1 | O26: 34.1 | P26: 34.1
G28: RETROESCAVADEIRA SOBRE RODAS COM CARREGADEIRA, TRAÇÃO 4X4, POTÊNCIA LÍQ. 88 HP, CAÇAMBA CARREG. CAP. MÍN. 1 M3, CAÇAMBA RETRO CAP. 0,26 M3, PESO OPERACIONAL MÍN. 6.674 KG, PROFUNDIDADE ESCAVAÇÃO MÁX. 4,37 M - CHP DIURNO. AF_06/2014 | P28: =SUM(P23:P26) -> 112.38
A31: DIMENSIONAMENTO DE PRODUTIVIDADE
A33: DESCRIÇÃO | L33: UNIDADE | M33: QUANTIDADE | N33: OBSERVAÇÃO
A35: RETROESCAVADEIRA SOBRE RODAS COM CARREGADEIRA, TRAÇÃO 4X4, POTÊNCIA LÍQ. 88 HP, CAÇAMBA CARREG. CAP. MÍN. 1 M3, CAÇAMBA RETRO CAP. 0,26 M3, PESO OPERACIONAL MÍN. 6.674 KG, PROFUNDIDADE ESCAVAÇÃO MÁX. 4,37 M | L35: H | M35: 4224 | N35: Uso de equipamento por hora trabalhada de serviços relativos a manutenção urbana e infraestrutura.
A39: MÉDIA DE PRODUTIVIDADE P/ MANUTENÇÃO URBANA
F41: CHP (HORAS) | L41: 8 | M41: HORAS
F44: QUANTIDADE DE DIAS EFETIVOS DE TRABALHO | L44: 22 | M44: DIAS
F47: QUANTIDADE DE HORAS DE MÁQUINA MENSAL | L47: =SUM(L41*L44) -> 176 | M47: HORAS
F50: QUANTIDADE DE HORAS DE PRODUÇÃO TOTAL | L50: 4224 | M50: HORAS

Sheet MINICARREGADEIRA
A10: COMPOSIÇÃO DE CUSTOS
A13: OBRA: CONTRATAÇÃO DE EQUIPAMENTOS PARA REALIZAÇÃO DE SERVIÇOS URBANOS E INFRAESTRUTURA
A15: LOCAL: PATOS DE MINAS E SEUS DISTRITOS
A17: PROFISSIONAL RESPONSÁVEL: JOSE GUILHERME ROCHA CUNHA | I17: MAT.: | J17: 37234 | L17: DATA: | M17: =PÁ_CARREGADEIRA!M17 -> 46169 | O17: CCU 3 - REF. SINAPI MAR/26
A20: CÁLCULO MINICARREGADEIRA
B22: CÓDIGO | C22: DESCRIÇÃO | I22: TIPO | K22: UNIDADE | L22: VALOR UNITÁRIO NÃO DESONERADO | M22: VALOR UNITÁRIO DESONERADO | N22: COEFICIENTE | O22: VALOR NÃO DESONERADO | P22: VALOR DESONERADO
A23: C | B23: 88294 | C23: OPERADOR DE ESCAVADEIRA COM ENCARGOS COMPLEMENTARES | I23: SEDI - SERVIÇOS DIVERSOS | J23: H | K23: H | L23: 38.13 | M23: 35.76 | N23: 1 | O23: 38.13 | P23: 35.76
A24: C | B24: 88857 | C24: RETROESCAVADEIRA SOBRE RODAS COM CARREGADEIRA, TRAÇÃO 4X4, POTÊNCIA LÍQ. 88 HP, CAÇAMBA CARREG. CAP. MÍN. 1 M3, CAÇAMBA RETRO CAP. 0,26 M3, PESO OPERACIONAL MÍN. 6.674 KG, PROFUNDIDADE ESCAVAÇÃO MÁX. 4,37 M - DEPRECIAÇÃO. AF_06/2014 | D24: CHOR - CUSTOS HORÁRIOS DE MÁQUINAS E EQUIPAMENTOS | E24: H | I24: CHOR - CUSTOS HORÁRIOS DE MÁQUINAS E EQUIPAMENTOS | K24: H | L24: 24 | M24: 24 | N24: 1 | O24: 24 | P24: 24
A25: C | B25: 88858 | C25: RETROESCAVADEIRA SOBRE RODAS COM CARREGADEIRA, TRAÇÃO 4X4, POTÊNCIA LÍQ. 88 HP, CAÇAMBA CARREG. CAP. MÍN. 1 M3, CAÇAMBA RETRO CAP. 0,26 M3, PESO OPERACIONAL MÍN. 6.674 KG, PROFUNDIDADE ESCAVAÇÃO MÁX. 4,37 M - JUROS. AF_06/2014 | I25: CHOR - CUSTOS HORÁRIOS DE MÁQUINAS E EQUIPAMENTOS | K25: H | L25: 4.74 | M25: 4.74 | N25: 1 | O25: 4.74 | P25: 4.74
A26: C | B26: 5664 | C26: RETROESCAVADEIRA SOBRE RODAS COM CARREGADEIRA, TRAÇÃO 4X4, POTÊNCIA LÍQ. 88 HP, CAÇAMBA CARREG. CAP. MÍN. 1 M3, CAÇAMBA RETRO CAP. 0,26 M3, PESO OPERACIONAL MÍN. 6.674 KG, PROFUNDIDADE ESCAVAÇÃO MÁX. 4,37 M - MANUTENÇÃO. AF_06/2014 | I26: CHOR - CUSTOS HORÁRIOS DE MÁQUINAS E EQUIPAMENTOS | K26: H | L26: 30 | M26: 30 | N26: 1 | O26: 30 | P26: 30
G28: MINICARREGADEIRA SOBRE RODAS, POTÊNCIA LÍQUIDA DE 47 HP, CAPACIDADE NOMINAL DE OPERAÇÃO DE 646 KG - CHP DIURNO. AF_06/2015 | P28: =SUM(P23:P26) -> 94.5
A31: DIMENSIONAMENTO DE PRODUTIVIDADE
A33: DESCRIÇÃO | L33: UNIDADE | M33: QUANTIDADE | N33: OBSERVAÇÃO
A35: MINICARREGADEIRA SOBRE RODAS, POTÊNCIA LÍQUIDA DE 47 HP, CAPACIDADE NOMINAL DE OPERAÇÃO DE 646 KG | L35: H | M35: 4224 | N35: Uso de equipamento por hora trabalhada de serviços relativos a manutenção urbana e infraestrutura.
A39: MÉDIA DE PRODUTIVIDADE P/ MANUTENÇÃO URBANA
F41: CHP (HORAS) | L41: 8 | M41: HORAS
F44: QUANTIDADE DE DIAS EFETIVOS DE TRABALHO | L44: 22 | M44: DIAS
F47: QUANTIDADE DE HORAS DE MÁQUINA MENSAL | L47: =SUM(L41*L44) -> 176 | M47: HORAS
F50: QUANTIDADE DE HORAS DE PRODUÇÃO TOTAL | L50: 4224 | M50: HORAS

Sheet CRONOGRAMA
A10: CRONOGRAMA FÍSICO-FINANCEIRO
A13: OBRA: | B13: CONTRATAÇÃO DE EQUIPAMENTOS PARA REALIZAÇÃO DE SERVIÇOS URBANOS
A15: LOCAL: | B15: PATOS DE MINAS E SEUS DISTRITOS
A16: PROF. RESP.: | B16: JOSE GUILHERME ROCHA CUNHA | E16: MAT.: 37.234 | I16: VALOR: | J16: =DADOS!O42 -> 1992503
A17: REFERÊNCIA DE PREÇO: | E17: TABELA SINAPI MAR/26
H19: MESES
A20: ITEM | B20: DESCRIÇÃO DOS SERVIÇOS | E20: VALOR DOS SERVIÇOS (R$) | G20: PESO | H20: MÊS – 1 | I20: MÊS – 2 | J20: MÊS – 3 | K20: MÊS – 4 | L20: MÊS – 5 | M20: MÊS – 6
G21: %
A22: 1 | B22: EQUIPAMENTOS | G22: 1 | H22: =G22/24 -> 0.041666667 | I22: =G22/24 -> 0.041666667 | J22: =G22/24 -> 0.041666667 | K22: =G22/24 -> 0.041666667 | L22: =G22/24 -> 0.041666667 | M22: =G22/24 -> 0.041666667
E23: =J16 -> 1992503 | H23: =E23*H22 -> 83020.96 | I23: =E23*I22 -> 83020.96 | J23: =E23*J22 -> 83020.96 | K23: =E23*K22 -> 83020.96 | L23: =E23*L22 -> 83020.96 | M23: =E23*M22 -> 83020.96
A24: RESUMO GERAL | E24: =J16 -> 1992503 | G24: 1
A26: TOTAL (%) | E26: =G24/4 -> 0.25 | H26: =H22 -> 0.041666667 | I26: =I22 -> 0.041666667 | J26: =J22 -> 0.041666667 | K26: =K22 -> 0.041666667 | L26: =L22 -> 0.041666667 | M26: =M22 -> 0.041666667
A28: TOTAL (R$) | E28: =E24*E26 -> 498125.76 | H28: =H23 -> 83020.96 | I28: =I23 -> 83020.96 | J28: =J23 -> 83020.96 | K28: =K23 -> 83020.96 | L28: =L23 -> 83020.96 | M28: =M23 -> 83020.96
H31: MESES
A32: ITEM | B32: DESCRIÇÃO DOS SERVIÇOS | E32: VALOR DOS SERVIÇOS (R$) | G32: PESO | H32: MÊS – 7 | I32: MÊS – 8 | J32: MÊS – 9 | K32: MÊS – 10 | L32: MÊS – 11 | M32: MÊS – 12
G33: %
A34: 1 | B34: EQUIPAMENTOS | E34: =J16 -> 1992503 | G34: 1 | H34: =G34/24 -> 0.041666667 | I34: =G34/24 -> 0.041666667 | J34: =G34/24 -> 0.041666667 | K34: =G34/24 -> 0.041666667 | L34: =G34/24 -> 0.041666667 | M34: =G34/24 -> 0.041666667
H35: =E34*H34 -> 83020.96 | I35: =E34*I34 -> 83020.96 | J35: =E34*J34 -> 83020.96 | K35: =E34*K34 -> 83020.96 | L35: =E34*L34 -> 83020.96 | M35: =E34*M34 -> 83020.96
A36: RESUMO GERAL | E36: =J16 -> 1992503 | G36: 1
A38: TOTAL (%) | E38: =G36/4 -> 0.25 | H38: =H34 -> 0.041666667 | I38: =I34 -> 0.041666667 | J38: =J34 -> 0.041666667 | K38: =K34 -> 0.041666667 | L38: =L34 -> 0.041666667 | M38: =M34 -> 0.041666667
A40: TOTAL (R$) | E40: =E36*E38 -> 498125.76 | H40: =H35 -> 83020.96 | I40: =I35 -> 83020.96 | J40: =J35 -> 83020.96 | K40: =K35 -> 83020.96 | L40: =L35 -> 83020.96 | M40: =M35 -> 83020.96
A43: ITEM | B43: DESCRIÇÃO DOS SERVIÇOS | E43: VALOR DOS SERVIÇOS (R$) | G43: PESO | H43: MÊS – 13 | I43: MÊS – 14 | J43: MÊS – 15 | K43: MÊS – 16 | L43: MÊS – 17 | M43: MÊS – 18
G44: %
A45: 1 | B45: EQUIPAMENTOS | G45: 1 | H45: =G45/24 -> 0.041666667 | I45: =G45/24 -> 0.041666667 | J45: =G45/24 -> 0.041666667 | K45: =G45/24 -> 0.041666667 | L45: =G45/24 -> 0.041666667 | M45: =G45/24 -> 0.041666667
E46: =J16 -> 1992503 | H46: =E46*H45 -> 83020.96 | I46: =E46*I45 -> 83020.96 | J46: =E46*J45 -> 83020.96 | K46: =E46*K45 -> 83020.96 | L46: =E46*L45 -> 83020.96 | M46: =E46*M45 -> 83020.96
A47: RESUMO GERAL | E47: =E46 -> 1992503 | G47: 1
A49: TOTAL (%) | E49: =G47/4 -> 0.25 | H49: =H45 -> 0.041666667 | I49: =I45 -> 0.041666667 | J49: =J45 -> 0.041666667 | K49: =K45 -> 0.041666667 | L49: =L45 -> 0.041666667 | M49: =M45 -> 0.041666667
A51: TOTAL (R$) | E51: =E47*E49 -> 498125.76 | H51: =H46 -> 83020.96 | I51: =I46 -> 83020.96 | J51: =J46 -> 83020.96 | K51: =K46 -> 83020.96 | L51: =L46 -> 83020.96 | M51: =M46 -> 83020.96
H54: MESES
A55: ITEM | B55: DESCRIÇÃO DOS SERVIÇOS | E55: VALOR DOS SERVIÇOS (R$) | G55: PESO | H55: MÊS – 19 | I55: MÊS – 20 | J55: MÊS – 21 | K55: MÊS – 22 | L55: MÊS – 23 | M55: MÊS – 24
G56: %
A57: 1 | B57: EQUIPAMENTOS | E57: =J16 -> 1992503 | G57: 1 | H57: =G57/24 -> 0.041666667 | I57: =G57/24 -> 0.041666667 | J57: =G57/24 -> 0.041666667 | K57: =G57/24 -> 0.041666667 | L57: =G57/24 -> 0.041666667 | M57: =G57/24 -> 0.041666667
H58: =E57*H57 -> 83020.96 | I58: =E57*I57 -> 83020.96 | J58: =E57*J57 -> 83020.96 | K58: =E57*K57 -> 83020.96 | L58: =E57*L57 -> 83020.96 | M58: =E57*M57 -> 83020.96
A59: RESUMO GERAL | E59: =E57 -> 1992503 | G59: 1
A61: TOTAL (%) | E61: =G59/4 -> 0.25 | H61: =H57 -> 0.041666667 | I61: =I57 -> 0.041666667 | J61: =J57 -> 0.041666667 | K61: =K57 -> 0.041666667 | L61: =L57 -> 0.041666667 | M61: =M57 -> 0.041666667
A63: TOTAL (R$) | E63: =E59*E61 -> 498125.76 | H63: =H58 -> 83020.96 | I63: =I58 -> 83020.96 | J63: =J58 -> 83020.96 | K63: =K58 -> 83020.96 | L63: =L58 -> 83020.96 | M63: =M58 -> 83020.96
